 Dungeon Crawl Stone Soup version 0.18.1-50-g88ac8fd (webtiles) character file.

313 Nordron the Firebug (level 6, -5/36 HPs)
             Began as a Gargoyle Fire Elementalist on Sept 23, 2016.
             Slain by Aleksmastering's ghost (11 damage)
             ... on level 5 of the Dungeon.
             The game lasted 00:21:42 (4283 turns).

Nordron the Firebug (Gargoyle Fire Elementalist)    Turns: 4283, Time: 00:21:43

Health: -5/36      AC: 13    Str: 11      XL:     6   Next: 43%
Magic:  0/10       EV: 11    Int: 17 (18) God:
Gold:   243        SH:  0    Dex:  8 (10) Spells: 3 memorised, 2 levels left

rFire  . . .     SeeInvis .     A - +1 dagger (protect)
rCold  . . .     Gourm    .     l - +0 leather armour
rNeg   + . .     Faith    .     (no shield)
rPois  ∞         Spirit   .     (no helmet)
rElec  +         Dismiss  .     (no cloak)
rCorr  .         Reflect  .     x - +0 pair of gloves (curse)
SustAt .         Harm     .     (no boots)
MR     .....                    (no amulet)
Stlth  ++........               (no ring)
                                (no ring)

@: very slightly contaminated, not resistant to hostile enchantments, unstealthy
A: negative energy resistance 1, electricity resistance, unbreathing,
petrification resistance, rot immunity, AC +4
a: no special abilities


You were on level 5 of the Dungeon.
You were hungry.

You visited 1 branch of the dungeon, and saw 5 of its levels.

You collected 243 gold pieces.

Inventory:

Hand Weapons
 k - a +0 whip of venom
 A - a +1 dagger of protection (weapon)
Armour
 l - a +0 leather armour (worn)
 x - a cursed +0 pair of gloves (worn)
Magical Staves
 B - an uncursed staff of poison
Wands
 D - a wand of flame (20/48)
Scrolls
 d - a scroll of teleportation
 i - 3 scrolls of amnesia
 m - 5 scrolls of identify
 q - a scroll of recharging {unknown}
 r - 2 scrolls of noise
 t - a scroll of remove curse {unknown}
 v - 2 scrolls of fog
 y - a scroll of magic mapping {unknown}
 C - a scroll of enchant armour {unknown}
Potions
 a - a potion of might {unknown}
 e - 3 potions of curing
 f - a potion of cancellation
 h - a potion of magic {unknown}
 p - a potion of cure mutation
 w - a potion of flight {unknown}
 z - a potion of agility {unknown}
Books
 b - a book of Flames

   Spells                             Type                      Level
   a - Flame Tongue                   Conjuration/Fire             1
   b - Throw Flame                    Conjuration/Fire             2
   c - Conjure Flame                  Conjuration/Fire             3
   d - Inner Flame                    Hexes/Fire                   3
   e - Sticky Flame                   Conjuration/Fire             4
   f - Fireball                       Conjuration/Fire             5
 o - a book of the Dragon

   Spells                             Type                      Level
   a - Flame Tongue                   Conjuration/Fire             1
   b - Cause Fear                     Hexes                        4
   c - Bolt of Fire                   Conjuration/Fire             6
   d - Dragon Form                    Transmutation                7
   e - Dragon's Call                  Summoning                    9
Comestibles
 c - 5 bread rations
 g - 2 meat rations
 j - 3 fruits
 n - 4 beef jerkies
 s - 3 slices of pizza
 u - a chunk of flesh


   Skills:
 * Level 2.5 Fighting
 + Level 0.2 Maces & Flails
 + Level 1.3 Armour
 - Level 1.8 Dodging
 - Level 2.4 Stealth
 + Level 2.7 Spellcasting
 + Level 3.0 Conjurations
 * Level 4.8 Fire Magic


You had 2 spell levels left.
You knew the following spells:

 Your Spells              Type           Power        Failure   Level  Hunger
a - Flame Tongue          Conj/Fire      ###..        6%          1    #......
b - Conjure Flame         Conj/Fire      ###.....     14%         3    ###....
c - Sticky Flame          Conj/Fire      ###.....     50%         4    #####..


Dungeon Overview and Level Annotations

Branches:
Dungeon (5/15)
 Temple: D:4-7

Altars:
Dithmenos
Makhleb
Yredelemnul

Annotations:
D:5 Aleksmastering's ghost, novice DsFi


Innate Abilities, Weirdness & Mutations

You are resistant to torment.
Your stone body is resilient (AC +4).
You are immune to poison.
You resist negative energy.
You are resistant to electric shocks.
You can survive without breathing.
You are immune to petrification.
You are immune to rotting.


Message History

You hit Aleksmastering's ghost but do no damage.
Aleksmastering's ghost is almost destroyed.
Aleksmastering's ghost closely misses you.
You closely miss Aleksmastering's ghost.
Aleksmastering's ghost is almost destroyed.
Aleksmastering's ghost hits you.
* * * LOW HITPOINT WARNING * * *
Casting: Flame Tongue
Confirm with . or Enter, or press ? or * to list all spells.
You don't have enough magic to cast that spell.
You hit Aleksmastering's ghost but do no damage.
Aleksmastering's ghost is almost destroyed.
Aleksmastering's ghost hits you but does no damage.
You closely miss Aleksmastering's ghost.
Aleksmastering's ghost is almost destroyed.
Aleksmastering's ghost hits you!
* * * LOW HITPOINT WARNING * * *
Drink which item? (? for menu, Esc to quit)
You feel better. Aleksmastering's ghost hits you!
You die...

####......##### ####. #.......###
#.... #.##.##.# #.##. #.##.##.#
#.##. ### #.##.##.# ######.##.
..# #.##.##.####......### ..#####
#.......##...###..### ......#
####.#####.#.# #..... ......# #@#
#.#.###.#### ..##..# ##W##
#.#.....# .###..###
##.o.####.##.#.##
.##.....######.#....##.##.#.#
..............##....##....<.#####
...##..#######.##...#####.......#
..####.# ##.#..###.......##.#
...##..# ##.#.# #.##..#.....
.......# ###.###.##...(.#.#


You could see Aleksmastering's ghost and an orc.

Vanquished Creatures
  A jelly (D:5)
  A centaur skeleton (D:4)
  A hound (D:5)
  3 worker ants
  2 hound skeletons (D:4)
  3 adders
  2 gnolls (D:1)
  An ooze (D:2)
  A worm (D:2)
  4 giant geckos
  3 orcs
  2 ball pythons
  4 bats
  5 giant cockroaches
  5 hobgoblins
  6 jackals
  11 kobolds
  2 quokkas
  6 giant newts
  6 goblins
  A quokka skeleton (D:4)
  7 rats
  A spectral orc (D:4)
78 creatures vanquished.

Notes
Turn   | Place    | Note
--------------------------------------------------------------
     0 | D:1      | Nordron the Gargoyle Fire Elementalist began the quest for the Orb.
     0 | D:1      | Reached XP level 1. HP: 10/10 MP: 3/3
    15 | D:1      | Reached XP level 2. HP: 15/15 MP: 1/5
   649 | D:1      | Reached XP level 3. HP: 11/19 MP: 0/6
   654 | D:1      | Learned a level 3 spell: Conjure Flame
  1510 | D:2      | Reached skill level 1 in Fighting
  1594 | D:2      | Reached XP level 4. HP: 15/25 MP: 0/7
  1880 | D:2      | Reached skill level 4 in Fire Magic
  2230 | D:3      | Found a burning altar of Makhleb.
  2514 | D:3      | Reached XP level 5. HP: 24/29 MP: 4/8
  2524 | D:3      | Learned a level 4 spell: Sticky Flame
  3115 | D:4      | Found a basalt altar of Yredelemnul.
  3831 | D:5      | Entered Level 5 of the Dungeon
  3836 | D:5      | Found a shadowy altar of Dithmenos.
  3848 | D:5      | Reached skill level 1 in Armour
  3848 | D:5      | Reached XP level 6. HP: 31/35 MP: 0/9
  4133 | D:5      | Noticed Aleksmastering's ghost (novice DsFi)
  4282 | D:5      | HP: 1/36 [Aleksmastering's ghost (7)]
  4283 | D:5      | Slain by Aleksmastering's ghost

Skill      XL: |  1  2  3  4  5  6 |
---------------+-------------------+-----
Fighting       | 1 2 |  2.5
Conjurations   | 2 3 |  3.0
Fire Magic     | 4 |  4.8
Armour         | 1 |  1.3
Maces & Flails | |  0.2
Dodging        | |  1.8
Stealth        | |  2.4
Spellcasting   | |  2.7

Action                   |  1- 3 |  4- 6 || total
-------------------------+-------+-------++-------
Melee: Unarmed           |    19 |       ||    19
       Dagger            |    24 |    24 ||    48
       Whip              |     7 |     3 ||    10
 Cast: Flame Tongue      |    60 |   111 ||   171
       Conjure Flame     |       |     2 ||     2
  Use: Potion            |       |     5 ||     5
       Scroll            |       |     4 ||     4
  Eat: Chunk             |     3 |     9 ||    12
Armor: Robe              |    18 |       ||    18
       Leather armour    |     3 |    43 ||    46
Dodge: Dodged            |    52 |    45 ||    97
